 Dungeon Crawl Stone Soup version 0.19-a0-1008-g4c63d25 (webtiles) character file.

58 HAL9000 the Ruffian (level 3, -1/28 HPs)
             Began as a Draconian Transmuter on July 23, 2016.
             Slain by a gnoll
             ... wielding a +0 flail
              (9 damage)
             ... on level 1 of the Dungeon.
             The game lasted 00:02:48 (1652 turns).

HAL9000 the Ruffian (Draconian Transmuter)          Turns: 1652, Time: 00:02:48

Health: -1/28      AC:  5    Str: 13    XL:     3   Next: 76%
Magic:  0/6        EV: 12    Int: 13    God:
Gold:   108        SH:  0    Dex: 11    Spells: 2 memorised, 3 levels left

rFire  . . .     SeeInvis .       - Unarmed
rCold  . . .     Gourm    .     (armour unavailable)
rNeg   . . .     Faith    .     (no shield)
rPois  .         Spirit   .     (helmet restricted)
rElec  .         Dismiss  .     (no cloak)
rCorr  .         Reflect  .     (no gloves)
SustAt .         Harm     .     (boots currently unavailable)
MR     .....                    (no amulet)
Stlth  +.........               (no ring)
                                (no ring)

@: appendage, very slightly contaminated, not resistant to hostile enchantments,
very unstealthy
A: unfitting armour, talons 3, cold-blooded, AC +5
a: End Transformation


You were on level 1 of the Dungeon.
You were not hungry.
You had grown temporary talons.
You visited 1 branch of the dungeon, and saw 2 of its levels.

You collected 108 gold pieces.

Inventory:

Missiles
 a - 22 arrows
Scrolls
 f - a scroll of teleportation {unknown}
 g - 2 scrolls of recharging {unknown}
 h - a scroll of fear {unknown}
 i - 2 scrolls of remove curse {unknown}
 j - a scroll of noise {unknown}
 n - a scroll of identify {unknown}
Potions
 d - 4 potions of curing {unknown}
 e - a potion of lignification {unknown}
 m - 3 potions of cure mutation {unknown}
Books
 b - a book of Changes

   Spells                             Type                      Level
   a - Beastly Appendage              Transmutation                1
   b - Sticks to Snakes               Transmutation                2
   c - Spider Form                    Transmutation/Poison         3
   d - Ice Form                       Ice/Transmutation            4
   e - Blade Hands                    Transmutation                5
Comestibles
 c - 2 bread rations
 l - a slice of pizza
 o - a beef jerky
 p - a meat ration


   Skills:
 - Level 1.1 Fighting
 - Level 1.7 Dodging
 + Level 3.8 Unarmed Combat
 - Level 2.0 Spellcasting
 + Level 3.4 Transmutations


You had 3 spell levels left.
You knew the following spells:

 Your Spells              Type           Power        Failure   Level  Hunger
a - Beastly Appendage     Tmut           ##....       10%         1    ##.....
b - Sticks to Snakes      Tmut           ##......     12%         2    ###....


Dungeon Overview and Level Annotations

Branches:
Dungeon (2/15)

Altars:

Annotations:
D:2 Robin


Innate Abilities, Weirdness & Mutations

Your plain brown scales are hard. (AC +5)
Your body does not fit into most forms of armour.
You are cold-blooded and may be slowed by cold attacks.
You have claws for feet.


Message History

There is a stone staircase leading down here.
Unknown command.
Casting: Sticks to Snakes
Confirm with . or Enter, or press ? or * to list all spells.
You miscast Sticks to Snakes.
You are very lightly contaminated with residual magic.
Multicoloured lights dance before your eyes!
The gnoll hits you with a flail.
Unknown command.
Casting: Sticks to Snakes
Confirm with . or Enter, or press ? or * to list all spells.
Your feet morph into talons.
You hit the gnoll but do no damage. Your kick misses the gnoll.
The gnoll is moderately wounded.
The gnoll hits you with a flail.
* * * LOW HITPOINT WARNING * * *
You hit the gnoll.
The gnoll is severely wounded.
The gnoll hits you with a flail!
You die...

#..# ########'####
#...........#######
#...........#.....# ###
#...........#.###.# ###.#
#...........#.# #.# ....#
#...........#.# #.# ....#
#...........#.# #.# ....#
#........g@.#.# #.# ###.#
#.....####+##.###.# # #.#
#.....# #.#....#.# ###.#
#.....# #.#..#.#.# ..#.#
#.....# #.#..#.#.# #.#.#
#.[...# #.#..#.#.#
#.#.###.....####.#....#.#
..#..............#.####.#####
........................#...#


You could see a gnoll.

Vanquished Creatures
  An adder (D:2)
  2 giant geckos
  A ball python (D:1)
  5 bats (D:1)
  9 goblins
  4 hobgoblins
  7 jackals (D:1)
  3 kobolds
  A quokka (D:2)
  2 giant newts (D:1)
  5 rats
40 creatures vanquished.

Vanquished Creatures (collateral kills)
  2 goblins (D:2)
  A hobgoblin (D:2)
3 creatures vanquished.

Grand Total: 43 creatures vanquished

Notes
Turn   | Place    | Note
-------+----------+-------------------------------------------
     0 | D:1      | HAL9000 the Draconian Transmuter began the quest for the Orb.
     0 | D:1      | Reached XP level 1. HP: 16/16 MP: 3/3
   436 | D:1      | Reached XP level 2. HP: 15/23 MP: 3/5
   515 | D:1      | Learned a level 2 spell: Sticks to Snakes
  1128 | D:1      | Reached XP level 3. HP: 23/28 MP: 4/6
  1254 | D:2      | Noticed Robin
  1652 | D:1      | Slain by a gnoll

Vault maps used:
D:1:      eino_arrival_water_star
D:2:      lemuel_doored_altar, first_bread, uniq_robin

Skill      XL: |  1  2  3 |
---------------+----------+-----
Transmutations | 3 |  3.4
Fighting       | |  1.1
Dodging        | |  1.7
Unarmed Combat | |  3.8
Spellcasting   | |  2.0

Action                   || total
-------------------------++-------
Melee: Unarmed           ||   134
       Tailslap          ||    10
       Headbutt          ||     1
       Kick              ||     9
 Cast: Beastly Appendage ||    17
       Sticks to Snakes  ||     6
 Stab: Sleeping          ||     1
  Eat: Chunk             ||     3
Armor: Skin              ||    51
Dodge: Dodged            ||    99
